Map: [ESL] Tropical Sacrifice

Players

Killermonjas

  • Race: Protoss Protoss
  • Spawn Location: 7:00

Gerald - Winner!

  • Race: Protoss Protoss
  • Spawn Location: 1:00

Event: DreamHack SC2 Masters 2022 Valencia

VOD

Have the link to the VOD?

Description

Time

  • Played on: July 1, 2022, 2:39 p.m.
  • Length: 7:03

All games in this series

Show
View Real Time Build Order
Export as new Build Order

Killermonjas Protoss 

Build Orders: Oracle Opening 

Get SALT Encoding   

  12  0:00  Probe  
  13  0:12  Probe  
  14  0:17  Pylon  
  14  0:24  Probe (Chrono Boost)  
  15  0:37  Probe (Chrono Boost)  
  15  0:39  Gateway  
  15  0:42  Probe (Chrono Boost)  
  16  0:46  Assimilator  
  17  0:52  Probe  
  17  0:56  Assimilator  
  18  1:04  Probe (Chrono Boost)  
  18  1:09  Gateway  
  19  1:16  Probe (Chrono Boost)  
  20  1:22  Probe (Chrono Boost)  
  21  1:26  Cybernetics Core  
  21  1:34  Pylon  
  21  1:36  Probe  
  22  1:48  Probe  
  23  2:00  Probe  
  24  2:03  Stalker  
  24  2:05  Adept  
  24  2:06  Warp Gate  
  28  2:12  Probe  
  29  2:16  Pylon  
  29  2:23  Pylon  
  29  2:38  Stargate  
  29  2:42  Probe  
  30  2:56  Stalker  
  30  2:57  Stalker  
  34  3:11  Pylon  
  34  3:26  Oracle (Chrono Boost)  
  37  3:37  Pylon  
  37  3:45  Stalker  
  39  3:52  Nexus  
  39  3:54  Stalker  
  37  4:04  Probe (Chrono Boost)  
  34  4:15  Probe (Chrono Boost)  
  35  4:20  Probe (Chrono Boost)  
  35  4:24  Oracle  
  39  4:30  Probe  
  40  4:35  Twilight Council  
  40  4:50  Probe  
  41  4:55  Forge  
  41  5:01  Pylon  
  41  5:02  Probe  
  42  5:08  Probe  
  43  5:24  Probe (Chrono Boost)  
  43  5:25  Probe (Chrono Boost)  
  40  5:29  Phoenix  
  42  5:39  Probe (Chrono Boost)  
  42  5:40  Probe (Chrono Boost)  
  44  5:47  Probe  
  44  5:48  Probe  
  43  5:59  Probe  
  43  6:00  Probe  
  45  6:12  Probe (Chrono Boost)  
  45  6:15  Probe (Chrono Boost)  
  45  6:17  Stalker  
  49  6:24  Probe (Chrono Boost)  
  51  6:29  Probe (Chrono Boost)  
  51  6:32  Probe (Chrono Boost)  
  51  6:37  Probe (Chrono Boost)  
  51  6:39  Stalker  
  55  6:42  Probe (Chrono Boost)  
  55  6:43  Probe (Chrono Boost)  
  56  6:49  Gateway  
  56  6:50  Probe x2  
Show
View Real Time Build Order
Export as new Build Order

Gerald Protoss - Winner!

Build Orders: Oracle Opening 

Get SALT Encoding   

  12  0:00  Probe  
  13  0:12  Probe  
  14  0:18  Pylon  
  14  0:25  Probe (Chrono Boost)  
  15  0:37  Probe (Chrono Boost)  
  15  0:39  Gateway  
  16  0:45  Probe (Chrono Boost)  
  16  0:47  Assimilator  
  17  0:51  Probe  
  17  0:56  Assimilator  
  18  1:03  Probe (Chrono Boost)  
  19  1:10  Gateway  
  19  1:13  Probe (Chrono Boost)  
  20  1:19  Probe  
  21  1:26  Cybernetics Core  
  21  1:31  Probe  
  22  1:37  Pylon  
  22  1:43  Probe  
  23  1:56  Probe  
  24  2:03  Stalker  
  24  2:04  Stalker, Warp Gate  
  28  2:08  Probe  
  29  2:18  Pylon  
  29  2:21  Probe  
  30  2:30  Stargate  
  30  2:33  Probe  
  31  2:43  Adept  
  31  2:44  Adept  
  34  2:45  Probe  
  35  3:00  Shield Battery  
  35  3:11  Oracle (Chrono Boost)  
  38  3:27  Shield Battery  
  38  3:29  Pylon  
  38  3:30  Probe  
  39  3:47  Oracle  
  42  3:49  Twilight Council  
  42  3:51  Gateway  
  42  3:52  Probe  
  38  4:11  Nexus  
  38  4:12  Stalker  
  38  4:13  Gateway  
  40  4:19  Stalker  
  42  4:27  Probe  
  42  4:29  Blink (Chrono Boost)  
  43  4:47  Probe  
  43  4:48  Pylon  
  43  4:52  Shield Battery  
  44  4:53  Phoenix (Chrono Boost)  
  44  4:59  Probe  
  47  5:11  Probe  
  48  5:15  Stalker  
  50  5:23  Probe  
  50  5:29  Probe  
  50  5:31  Stalker x2  
  56  5:35  Probe  
  56  5:39  Gateway  
  56  5:41  Probe  
  57  5:47  Probe  
  58  5:53  Probe  
  59  5:58  Stalker x2  
  63  6:05  Assimilator  
  63  6:14  Nexus  
  63  6:16  Probe  
  63  6:17  Probe  
  65  6:20  Pylon  
  65  6:28  Probe  
  65  6:31  Stalker x2  
  70  6:35  Pylon  
  70  6:38  Probe  
  71  6:45  Probe  
  71  6:46  Forge  
  70  7:01  Stalker x4  

Tags
 
Add a new tag
Caveats
  • Supply blocks, unpowered buildings, or Contaminate may cause inaccurate times.
  • Supply counts are checked every 10 seconds.